 Dungeon Crawl Stone Soup version 0.31-a0-1178-gc5c9b8f (webtiles) character file.

Game seed: 10581255588436287597

406029 Kearsarge the Conqueror (level 23, -2/219 HPs)
             Began as a Merfolk Fighter on Dec 10, 2023.
             Was an Initiate of Gozag.
             Killed from afar by a hellion (26 damage)
             ... with damnation
             ... on level 6 of a ziggurat on Dec 11, 2023.
             The game lasted 01:29:47 (56194 turns).

Kearsarge the Conqueror (Merfolk Fighter)          Turns: 56194, Time: 01:29:48

Health: -2/219     AC:  0    Str: 28    XL:     23   Next: 6%
Magic:  23/23      EV: 39    Int:  4    God:    Gozag
Gold:   1041       SH:  0    Dex: 12    Spells: 22/22 levels left

rFire   + +          .
                       - Unarmed
rCold   + . .        (shield currently unavailable)
rNeg    + + +        (body armour currently unavailable)
rPois   ∞            (helmet currently unavailable)
rElec   +            (cloak currently unavailable)
rCorr   .            (gloves currently unavailable)
SInv    +            (boots currently unavailable)
Will    +++..        S - amulet "Yngaihal" {Faith rF+ rC+ Str+4 SInv}
Stlth   +            X - ring of Impatience {Fire rElec rN+++ Will+ Int-3}
HPRegen 0.56/turn    s - ring "Dedin" {rC+ Will+ Dex-3 SInv}
MPRegen 0.18/turn

%: faith
@: storm-form, corroded, gold aura, blinkbolt cooldown, flying, hasted, studying
Translocations, very quick
A: cleaving, insubstantial, flying, (nimble swimmer 2), (mertail), (deformed
body), weak 1
}: 3/15 runes: barnacled, silver, gossamer
a: Blinkbolt, Begin Untransformation, Renounce Religion, Potion Petition, Call
Merchant, Bribe Branch


You were on level 6 of a ziggurat.
You worshipped Gozag.
Gozag was most pleased with you.
You were a lightning-filled tempest!
You visited 9 branches of the dungeon, and saw 40 of its levels.
You visited 1 ziggurat, and saw 6 of its levels.
You also visited: Sewer, Gauntlet and Wizlab.

You collected 20709 gold pieces.
You spent 6150 gold pieces at shops.
You paid 13518 gold pieces to Gozag.

Inventory:

Missiles
 b - 2 throwing nets
Jewellery
 f - the amulet of Zuero {Acrobat Regen+}
   (You found it on level 1 of the Vaults)

   [amulet of the acrobat]

   Acrobat:   It increases your evasion while moving and waiting.
   Regen+:    It increases your rate of health regeneration.
 s - the ring "Dedin" (right fist) {rC+ Will+ Dex-3 SInv}
   (You found it on level 15 of the Dungeon)

   [ring of willpower]

   Dex-3:     It affects your dexterity (-3).
   rC+:       It protects you from cold.
   Will+:     It increases your willpower.
   SInv:      It lets you see invisible.
 S - the amulet "Yngaihal" (around neck) {Faith rF+ rC+ Str+4 SInv}
   (You took it off a deep elf death mage on level 3 of the Elven Halls)

   [amulet of faith]

   Faith:     It allows you to gain divine favour quickly.
   Str+4:     It affects your strength (+4).
   rF+:       It protects you from fire.
   rC+:       It protects you from cold.
   SInv:      It lets you see invisible.
 X - the ring of Impatience (left fist) {Fire rElec rN+++ Will+ Int-3}
   (You bought it in a shop on level 2 of the Spider Nest)

   [ring of fire]

   Fire:      It enhances your fire magic.
   Int-3:     It affects your intelligence (-3).
   rF+:       It protects you from fire.
   rC-:       It makes you vulnerable to cold.
   rElec:     It insulates you from electricity.
   rN+++:     It renders you almost immune to negative energy.
   Will+:     It increases your willpower.
Talismans
 V - a storm talisman (active)
Wands
 m - a wand of polymorph (25)
 n - a wand of flame (57)
 r - a wand of mindburst (22)
 u - a wand of paralysis (46)
 B - a wand of digging (15)
 C - a wand of roots (44)
 O - a wand of quicksilver (18)
Scrolls
 a - 10 scrolls of teleportation
 c - 3 scrolls of immolation
 h - 6 scrolls of fog
 i - 7 scrolls of silence
 k - 11 scrolls of vulnerability
 o - a scroll of amnesia
 w - 5 scrolls of poison
 x - 2 scrolls of blinking
 y - 2 scrolls of torment
 F - 4 scrolls of brand weapon
 K - 4 scrolls of enchant weapon
 U - a scroll of revelation
 Y - 4 scrolls of enchant armour
Potions
 d - 7 potions of brilliance
 e - a potion of might
 g - 3 potions of heal wounds
 j - 8 potions of mutation
 l - 8 potions of ambrosia
 p - 4 potions of haste
 t - a potion of invisibility
 v - 5 potions of attraction
 A - 5 potions of enlightenment
 D - 10 potions of curing
 E - 7 potions of magic
 J - 3 potions of lignification
 L - 5 potions of berserk rage
 M - 6 potions of cancellation
Miscellaneous
 q - a lightning rod (4/4)
 N - a condenser vane


   Skills:
 O Level 27 Fighting
 - Level 19.2 Polearms
 - Level 2.1 Armour
 - Level 17.0 Dodging
 - Level 3.0 Shields
 - Level 18.1 Unarmed Combat
 + Level 23.5 Shapeshifting


You had 22 spell levels left.
You didn't know any spells.
Your spell library contained the following spells:

 Spells                   Type           Power      Damage    Failure   Level
 Apportation              Tloc           0%         N/A       50%         1
 Kiss of Death            Conj/Necr      0%         2d5       50%         1
 Magic Dart               Conj           0%         1d3       50%         1
 Necrotise                Necr           0%         1d4       50%         1
 Shock                    Conj/Air       0%         1d3       50%         1
 Summon Small Mammal      Summ           0%         N/A       50%         1
 Blink                    Tloc           0%         N/A       65%         2
 Cigotuvi's Dreadful Rot  Necr/Pois/Air  0%         N/A       65%         2
 Ensorcelled Hibernation  Hex/Ice        0%         N/A       65%         2
 Jinxbite                 Hex            0%         N/A       65%         2
 Lesser Beckoning         Tloc           0%         N/A       65%         2
 Momentum Strike          Conj/Tloc      0%         3d8       65%         2
 Poisonous Vapours        Pois/Air       0%         N/A       65%         2
 Scorch                   Fire           0%         2d5       65%         2
 Searing Ray              Conj           0%         2d4       65%         2
 Static Discharge         Conj/Air       0%         3-3/arc   65%         2
 Wereblood                Tmut           0%         N/A       65%         2
 Call Canine Familiar     Summ           0%         N/A       86%         3
 Confusing Touch          Hex            0%         N/A       86%         3
 Dazzling Flash           Conj/Hex       0%         N/A       86%         3
 Frozen Ramparts          Ice            0%         1d1       86%         3
 Gell's Gravitas          Tloc           0%         N/A       86%         3
 Ignite Poison            Fire/Tmut/Pois 0%         N/A       86%         3
 Mephitic Cloud           Conj/Pois/Air  0%         N/A       86%         3
 Ozocubu's Armour         Ice            0%         N/A       86%         3
 Sigil of Binding         Hex            0%         N/A       86%         3
 Swiftness                Air            0%         N/A       86%         3
 Teleport Other           Tloc           0%         N/A       86%         3
 Vampiric Draining        Necr           0%         2d6       86%         3
 Volatile Blastmotes      Fire/Tloc      0%         2d10      86%         3
 Airstrike                Air            0%         2d(0-16)  99%         4
 Anguish                  Hex/Necr       0%         N/A       99%         4
 Animate Armour           Summ/Erth      0%         N/A       99%         4
 Cause Fear               Hex            0%         N/A       99%         4
 Dimensional Bullseye     Hex/Tloc       0%         N/A       99%         4
 Dispel Undead            Necr           0%         3d6       99%         4
 Flame Wave               Conj/Fire      0%         2d4       99%         4
 Fulminant Prism          Conj/Hex       0%         3d5       99%         4
 Iskenderun's Mystic Bla  Conj/Tloc      0%         2d3       99%         4
 Leda's Liquefaction      Hex/Erth       0%         N/A       99%         4
 Manifold Assault         Tloc           0%         N/A       99%         4
 Petrify                  Tmut/Erth      0%         N/A       99%         4
 Summon Lightning Spire   Summ/Air       0%         N/A       99%         4
 Agony                    Necr           0%         N/A       100%        5
 Alistair's Intoxication  Tmut/Pois      0%         N/A       100%        5
 Borgnjor's Vile Clutch   Necr/Erth      0%         N/A       100%        5
 Freezing Cloud           Conj/Ice/Air   0%         6-21      100%        5
 Irradiate                Conj/Tmut      0%         3d11      100%        5
 Iskenderun's Battlesphe  Conj           0%         2d6       100%        5
 Metabolic Englaciation   Hex/Ice        0%         N/A       100%        5
 Bombard                  Conj/Erth      0%         9d1       100%        6
 Death Channel            Necr           0%         N/A       100%        6
 Starburst                Conj/Fire      0%         6d3       100%        6
 Summon Cactus Giant      Summ           0%         N/A       100%        6
 Enfeeble                 Hex            0%         N/A       100%        7
 Haunt                    Necr/Summ      0%         N/A       100%        7
 Ozocubu's Refrigeration  Ice            0%         4d7       100%        7
 Spellforged Servitor     Conj/Summ      0%         N/A       100%        7
 Summon Hydra             Summ           0%         N/A       100%        7
 Borgnjor's Revivificati  Necr           0%         N/A       100%        8
 Maxwell's Capacitive Co  Air            0%         ∞         100%        8
 Death's Door             Necr           0%         N/A       100%        9
 Sublimation of Blood     Necr           Unusable   N/A       N/A         2
 Animate Dead             Necr           Unusable   N/A       N/A         4
 Simulacrum               Ice/Necr       Unusable   N/A       N/A         6

Dungeon Overview and Level Annotations

Branches:
Dungeon (15/15)            Temple (1/1) D:7            Lair (5/5) D:11
 Shoals (4/4) Lair:3       Spider (4/4) Lair:2        Slime (0/5) Lair:5
    Orc (2/2) D:9             Elf (3/3) Orc:2        Vaults (5/5) D:13
  Crypt (0/3) Vaults:3     Depths (1/4) D:15          Sewer (visited)
 WizLab (visited)         Gauntlet (visited)

Altars:
Ashenzari
Cheibriados
Dithmenos
Elyvilon
Fedhas
Gozag
Hepliaklqana
Kikubaaqudgha
Makhleb
Nemelex Xobeh
Okawaru
Qazlal
Ru
Sif Muna
Trog
Uskayaw
Vehumet
Wu Jian
Xom
Yredelemnul
Zin
The Shining One
Jiyva

Shops:
D:2 =*(=*   D:6 (   D:9 [   D:10 (   D:13 [   D:15 ?   Orc:2 (*(?((   Elf:2 ((
Elf:3 [:(=   Lair:1 [(   Lair:4 ?   Shoals:2 [   Shoals:3 *   Spider:2 =
Vaults:1 ?   Vaults:2 *((*!   Vaults:3 ?

Portals:
Trove: Vaults:1 (show slimy rune of Zot)

Annotations:
D:3 Terence
D:6 3 runed translucent doors, roomforsquares's ghost, novice TrFi
D:10 2 transporters, EngineV8's ghost, journeyman DsSh
Orc:2 3 runed translucent doors, exclusion: obsidian statue, roomforsquares's ghost, journeyman FeBe
Elf:1 3 runed translucent doors
Elf:2 3 runed translucent doors


Innate Abilities, Weirdness & Mutations

You are a lightning-filled tempest!
Your electrical attacks strike out in all directions at once.
You are incredibly evasive.
Your insubstantial body is immune to petrification, constriction, and being set on fire You are flying.
Your armour is entirely melded.
You are incapable of wielding weapons or throwing items.
You are immune to poison.
((You are very nimble when in or above water. (Stealth+, EV+, Speed+++)))
((Your lower body shifts to a powerful aquatic tail in water.))
((Armour fits poorly on your strangely shaped body.))
You are weak. (Str -2)


Message History

You batter Julick!!
Julick is lightly wounded.
You closely miss the Tzitzimitl.
You blast the hellwing!!!
You buffet the red devil!
Lightning courses through the red devil!
Julick hits you!!! Julick corrodes you!
You buffet the hellwing!
You kill the hellwing!
You completely miss the Tzitzimitl. You batter the hellion!!
You hit the red devil but do no damage. You batter Julick!!
You hit the tormentor but do no damage. Julick hits you!!! Julick corrodes you!
The Tzitzimitl closely misses you.
The Tzitzimitl bites you but does no damage.
The red devil completely misses you.
The tormentor calls on the powers of darkness!
Your body is wracked with pain!
You are too injured to fight recklessly! [a] - 675 gold - brilliance, magic, haste and enlightenment [b] - 240 gold - haste [c] - 184 gold - might and brilliance Purchase which effect?
You feel yourself speed up. Julick hits you!!
* * * LOW HITPOINT WARNING * * *
Julick corrodes you! Julick completely misses you.
The tormentor calls on the powers of darkness!
Your body is wracked with pain!
* * * LOW HITPOINT WARNING * * *
The hellion hits you.
* * * LOW HITPOINT WARNING * * *
The Tzitzimitl calls on the powers of darkness!
Your body is wracked with pain!
* * * LOW HITPOINT WARNING * * *
The red devil completely misses you. The hellion completely misses you.
Blink to where?
Press: ? - help, Q - select action, (/) - cycle Dir - move target, p - Julick
As you read the scroll of blinking, it crumbles to dust.
The hellion gestures at you.
The sphere of damnation explodes!
The damnation engulfs you!!
You die...
Your body crumbles into a pile of gold.

▓▓▓▓▓▓▓▓▓▓▓
▓▓......v..▓▓
▓▓...........▓▓
▓▓$............▓▓
▓▓∩!|............▓▓
▓!>412..........∩.▓
▓∩/&.2..........▓▓
▓▓.2$..........▓▓
▓▓...........▓▓
▓▓.........▓▓


You could see Julick, a Tzitzimitl, 2 hellions and a tormentor.

Vanquished Creatures
  Mara (Spider:4)
  A juggernaut (Depths:1)
  Bai Suzhen (Elf:3)
  2 golden dragons
  A pandemonium lord (Zig:1)
  Arachne (Spider:3)
  Jorgrun (D:15)
  A deep elf blademaster (Elf:3)
  2 deep elf master archers (Elf:3)
  3 liches (Depths:1)
  A titan (Vaults:5)
  A kraken (Shoals:4)
  3 sphinxes
  An ancient champion (Vaults:3)
  Frances (D:13)
  The ghost of Speno2 the Tortoise, an adept FoHu of Gozag (D:15)
  7 tengu reavers
  A nagaraja (Zig:5)
  4 shadow dragons (Vaults:5)
  A fire giant (Depths:1)
  8 deep elf sorcerers
  3 frost giants
  4 emperor scorpions
  11 vault wardens
  Louise (Elf:3)
  A ghoul (Vaults:3)
  5 deep elf elementalists (Elf:3)
  An orc warlord (Vaults:1)
  2 ghost moths
  23 ironbound preservers
  3 war gargoyles
  A draconian shifter (Zig:4)
  A formless jellyfish (Vaults:1)
  5 very ugly things
  4 stone giants
  11 ironbound thunderhulks
  8 broodmothers
  Azrael (D:13)
  A minotaur (Gauntlet)
  8 deep elf demonologists
  5 dire elephants
  7 deep elf annihilators (Elf:3)
  2 black draconians (Zig:4)
  A red draconian (Zig:4)
  3 spark wasps
  8 crystal guardians
  3 fire dragons
  Snorg (D:10)
  10 merfolk impalers
  A merfolk javelineer (Shoals:3)
  4 deep elf high priests (Elf:3)
  3 entropy weavers
  6 deep elf death magi
  16 yaktaur captains
  3 ettins
  3 great orbs of eyes
  3 jiangshi (Depths:1)
  2 spriggan air magi (Depths:1)
  13 vault guards
  The ghost of wqsa789 the Thaumaturge, a journeyman DEFE of Vehumet (D:12)
  3 peacekeepers
  5 hydras
  3 catoblepae
  3 jorogumos
  2 ice dragons
  2 merfolk avatars
  An alligator (Zig:2)
  4 boulder beetles
  2 merfolk aquamancers
  7 ironbound frosthearts
  2 two-headed ogres (shapeshifter) (Vaults:1)
  11 centaur warriors
  An alligator snapping turtle (Shoals:4)
  A radroach (Spider:4)
  4 deep troll earth magi
  18 dancing weapons
  3 two-headed ogres
  2 satyrs
  11 death yaks
  A hell hog (Lair:5)
  9 demonic crawlers
  A naga warrior (Zig:5)
  2 vampire magi
  A tengu warrior (Depths:1)
  4 orc high priests
  A shock serpent (Zig:5)
  A naga sharpshooter (Zig:5)
  6 deep elf knights
  A wretched star (Zig:3)
  A skeletal warrior (Vaults:3)
  3 sun moths
  5 pharaoh ants
  2 skysharks
  12 sea snakes
  A spriggan druid (Zig:2)
  A glowing orange brain (D:15)
  62 deep trolls
  10 lindwurms
  4 phantasmal warriors
  A swamp dragon (Zig:2)
  6 steelbarb worms
  9 deep elf archers
  22 harpies
  9 arcanists
  4 spriggan simulacra (Shoals:1)
  2 orc knights
  14 orb spiders
  24 ironbound convokers
  A shining eye (shapeshifter) (Vaults:5)
  17 deep elf pyromancers
  17 deep elf zephyrmancers
  A will-o-the-wisp (Zig:3)
  6 orc sorcerers
  A necromancer (Vaults:2)
  A wolf spider (shapeshifter) (D:15)
  6 cyclopes
  16 ugly things
  19 wolf spiders
  9 manticores
  17 fauns
  A moth of wrath (D:15)
  A moth of wrath (shapeshifter) (Vaults:2)
  13 black mambas
  4 spectral centaurs (D:12)
  4 kobold blastminers
  A guardian serpent (Lair:5)
  An ice statue (Gauntlet)
  10 merfolk sirens
  5 water nymphs
  18 vault sentinels
  A naga mage (Zig:5)
  8 torpor snails
  2 gargoyles
  An apocalypse crab (Zig:3)
  14 cane toads
  21 yaktaurs
  A kobold demonologist (D:12)
  A rime drake (Gauntlet)
  5 komodo dragons
  2 freezing wraiths
  An ancient zyme (Zig:3)
  32 merfolk
  5 trolls
  11 meliai
  10 polar bears (Lair:5)
  4 wind drakes
  A hellwing (Zig:6)
  3 hornets
  24 tarantellas
  9 blink frogs
  14 snapping turtles
  23 culicivoras
  30 jumping spiders
  A centaur simulacrum (D:12)
  2 shadows
  32 slime creatures
  3 air elementals
  A fire bat (shapeshifter) (D:13)
  13 water elementals
  17 wyverns
  4 wraiths
  27 yaks
  4 fire elementals
  A golden eye (D:7)
  A basilisk (Lair:4)
  45 redbacks
  2 minotaur simulacra (Shoals:1)
  A neqoxec (Zig:3)
  2 steam dragons
  A human (D:13)
  5 wargs
  2 swamp worms (shapeshifter)
  An acid dragon (D:13)
  A spectral hornet (D:12)
  18 hell hounds
  30 water moccasins
  A swamp drake (Lair:2)
  19 orc warriors
  A sky beast (D:7)
  11 black bears (Lair:5)
  4 boggarts (Vaults:2)
  8 ogres
  A tengu (shapeshifter) (D:13)
  23 wolves
  19 centaurs
  A crocodile (Sewer)
  5 kobold brigands (D:9)
  A phantom (D:3)
  10 bullfrogs
  4 scorpions
  5 gnoll sergeants
  7 wights
  A deep troll simulacrum (Shoals:1)
  5 earth elementals
  A hornet simulacrum (D:12)
  A lindwurm simulacrum (Shoals:1)
  10 killer bees
  2 electric eels
  5 howler monkeys
  4 hounds
  2 jellies
  42 orc priests
  3 sleepcaps
  5 iguanas
  Natasha (twice) (D:2)
  22 orc wizards
  8 adders
  9 gnolls
  A river rat (D:5)
  4 shadow imps
  4 white imps (Gauntlet)
  2 ufetubi (D:5)
  A worm (D:5)
  2 dart slugs
  76 orcs
  12 ball pythons
  5 endoplasms
  A giant cockroach (D:3)
  8 goblins
  3 hobgoblins
  2 jackals (Sewer)
  7 kobolds
  7 quokkas
  7 bats
  2 frilled lizards
  6 rats
  A butterfly (Lair:2)
  5 tentacles (Shoals:4)
1540 creatures vanquished.

Vanquished Creatures (collateral kills)
  A quicksilver dragon (Vaults:5)
  A sphinx (Vaults:5)
  A vault warden (Vaults:5)
  A war gargoyle (Vaults:5)
  An ettin (Vaults:5)
  4 vault guards (Vaults:5)
  A necromancer (Vaults:5)
  A vault sentinel (Vaults:5)
11 creatures vanquished.

Vanquished Creatures (others)
  A tentacled monstrosity (Vaults:5)
  A titan (Vaults:5)
  A frost giant (Vaults:5)
  5 vault wardens (Vaults:5)
  A deep elf sorcerer (Elf:1)
  2 war gargoyles (Vaults:5)
  A stone giant (Vaults:5)
  An ettin (Vaults:5)
  A deep elf death mage (Vaults:5)
  An entropy weaver (Spider:2)
  4 yaktaur captains (Vaults:5)
  A merfolk impaler (Shoals:4)
  13 vault guards (Vaults:5)
  An occultist (Gauntlet)
  A deep elf knight (Elf:1)
  An orc knight (Vaults:5)
  3 phantasmal warriors (Vaults:5)
  2 ironbound convokers (Vaults:5)
  2 vault sentinels (Vaults:5)
  3 yaktaurs (Vaults:5)
  A shadow (D:13)
  A water elemental (Elf:2)
  2 orcs (D:7)
  6 tentacles
56 creatures vanquished.

Grand Total: 1607 creatures vanquished

Notes
Turn   | Place    | Note
-------+----------+-------------------------------------------
     0 | D:1      | Kearsarge the Merfolk Fighter began the quest for the Orb.
     0 | D:1      | Reached XP level 1. HP: 18/18 MP: 1/1
     5 | D:1      | Got the Omnibus of Mud and the Glacier
   161 | D:1      | Reached XP level 2. HP: 24/24 MP: 2/2
   653 | D:2      | Reached XP level 3. HP: 27/30 MP: 3/3
   655 | D:2      | Found Koil's Assorted Antiques.
   703 | D:2      | Reached skill level 4 in Fighting
   707 | D:2      | Reached XP level 4. HP: 30/37 MP: 4/4
   752 | D:2      | Found Ytall's Jewellery Boutique.
   878 | D:2      | Found Gyry's Assorted Antiques.
   970 | D:2      | Found Siys's Weapon Emporium.
   981 | D:2      | Reached skill level 5 in Polearms
  1073 | D:2      | Noticed Natasha
  1084 | D:2      | Killed Natasha
  1339 | D:2      | Noticed Natasha
  1384 | D:1      | Reached skill level 8 in Fighting
  1384 | D:1      | Reached XP level 5. HP: 6/51 MP: 5/5
  1531 | D:2      | Killed Natasha
  1584 | D:2      | Found Okacaduh's Jewellery Shop.
  1602 | D:2      | Reached XP level 6. HP: 57/57 MP: 6/6
  1961 | D:3      | Noticed Terence
  2573 | D:4      | Reached XP level 7. HP: 63/63 MP: 7/7
  2827 | D:5      | Entered Level 5 of the Dungeon
  2968 | D:5      | Reached skill level 9 in Fighting
  3059 | D:5      | Reached XP level 8. HP: 46/71 MP: 8/8
  3374 | D:5      | Found a glowing drain.
  3386 | Sewer    | Entered a sewer
  3535 | D:5      | Noticed a shadow
  3546 | D:5      | Killed a shadow
  3873 | D:5      | Found a stormy altar of Qazlal.
  3876 | D:5      | Noticed an air elemental
  3876 | D:5      | Noticed a water elemental
  4233 | D:6      | Reached skill level 15 in Polearms
  4233 | D:6      | Reached XP level 9. HP: 66/78 MP: 9/9
  4357 | D:6      | Found Engi's Antique Weapon Shop.
  4714 | D:6      | Found a runed translucent gate.
  4714 | D:6      | Found a runed translucent gate.
  4714 | D:6      | Found a runed translucent gate.
  4714 | D:6      | Noticed a kobold demonologist
  4718 | D:6      | Noticed roomforsquares's ghost (novice TrFi)
  5011 | D:7      | Found a staircase to the Ecumenical Temple.
  5027 | Temple   | Entered the Ecumenical Temple
  5083 | Temple   | Became a worshipper of Gozag Ym Sagoz the Greedy
  5268 | D:2      | Bought a ring of poison resistance for 240 gold pieces
  5439 | D:7      | Reached skill level 10 in Fighting
  6033 | D:7      | Noticed a hornet
  6037 | D:7      | Paralysed by a hornet for 1 turns
  6244 | D:7      | a hornet changed into a golden eye
  6636 | D:7      | Reached XP level 10. HP: 77/86 MP: 10/10
  7802 | D:8      | Reached skill level 11 in Fighting
  8634 | D:2      | Bought a scroll of revelation for 195 gold pieces
  8634 | D:2      | Bought a blue potion for 23 gold pieces
  8634 | D:2      | Bought an embroidered cloak for 195 gold pieces
  8680 | D:2      | Bought a scroll of identify for 40 gold pieces
  8680 | D:2      | Bought a blue potion for 18 gold pieces
  8680 | D:2      | Bought a glowing buckler for 150 gold pieces
  8876 | D:9      | Found Niossoh's Armour Boutique.
  9223 | D:9      | Found a staircase to the Orcish Mines.
  9630 | D:9      | Reached XP level 11. HP: 93/93 MP: 11/11
  9782 | D:10     | Entered Level 10 of the Dungeon
  9782 | D:10     | Found Qosevvoo's Weapon Boutique.
  9962 | D:10     | Noticed EngineV8's ghost (journeyman DsSh)
 10128 | D:10     | Found a transporter.
 10133 | D:10     | Found a transporter.
 10320 | D:10     | Noticed Snorg
 10335 | D:10     | Killed Snorg
 10487 | D:10     | Reached skill level 12 in Fighting
 10821 | D:11     | Noticed a cyclops
 10833 | D:11     | Killed a cyclops
 11024 | D:11     | Found a staircase to the Lair.
 11209 | D:11     | Identified the +5 orcbow of the Moth {freeze, Dex+7}
 11630 | D:9      | Bought the +1 chain mail "Fiafu Jaub" {Will++} for 396 gold
                  | pieces
 11630 | D:9      | Bought a +2 helmet of intelligence for 279 gold pieces
 11704 | Orc:1    | Entered Level 1 of the Orcish Mines
 11704 | Orc:1    | Noticed an orc knight
 11704 | Orc:1    | Noticed an orc sorcerer
 11711 | Orc:1    | Killed an orc sorcerer
 11724 | Orc:1    | Noticed an orc sorcerer
 11756 | Orc:1    | Killed an orc sorcerer
 11942 | Orc:1    | Killed an orc knight
 11943 | Orc:1    | Reached XP level 12. HP: 74/103 MP: 12/12
 12036 | Orc:1    | Noticed a soul eater
 12098 | Orc:1    | Noticed a soul eater
 12348 | Orc:2    | Entered Level 2 of the Orcish Mines
 12348 | Orc:2    | Found a staircase to the Elven Halls.
 12372 | Orc:2    | Found Ozxusik's Antique Weapon Boutique.
 12405 | Orc:2    | Found a burning altar of Makhleb.
 12463 | Orc:2    | Found a runed translucent gate.
 12736 | Orc:2    | Found a runed translucent gate.
 12736 | Orc:2    | Found an opulent altar of Gozag.
 12737 | Orc:2    | Found a runed translucent gate.
 12738 | Orc:2    | Found Vano's Assorted Antiques.
 12738 | Orc:2    | Noticed roomforsquares's ghost (journeyman FeBe)
 12853 | Orc:2    | Noticed an orc high priest
 12857 | Orc:2    | Noticed a sun demon
 12867 | Orc:2    | Reached skill level 10 in Dodging
 12875 | Orc:2    | Noticed a two-headed ogre
 12904 | Orc:2    | Killed a two-headed ogre
 12956 | Orc:2    | Reached skill level 13 in Fighting
 13018 | Orc:2    | Noticed an orc high priest
 13036 | Orc:2    | Noticed a soul eater
 13040 | Orc:2    | Killed an orc high priest
 13139 | Orc:2    | Noticed an orc high priest
 13148 | Orc:2    | Killed an orc high priest
 13149 | Orc:2    | Noticed an orc high priest
 13153 | Orc:2    | Noticed a sun demon
 13425 | Orc:2    | Reached skill level 14 in Fighting
 13429 | Orc:2    | Killed an orc high priest
 13505 | Orc:2    | Gained mutation: You are weak. (Str -2) [a neqoxec]
 13509 | Orc:1    | Killed an orc high priest
 13905 | Orc:2    | Found Saahuc's Weapon Boutique.
 13905 | Orc:2    | Found Totirisi's Antique Weapon Boutique.
 13908 | Orc:2    | Found Ulaxeu's Antique Weapon Shop.
 13908 | Orc:2    | Found Datanum's Magic Scroll Shop.
 14020 | Orc:2    | Bought a scroll of identify for 26 gold pieces
 14020 | Orc:2    | Bought a scroll of identify for 26 gold pieces
 14020 | Orc:2    | Bought a scroll of identify for 26 gold pieces
 14400 | Lair:1   | Entered Level 1 of the Lair of Beasts
 14516 | Lair:1   | Reached skill level 15 in Fighting
 14696 | Lair:1   | Reached XP level 13. HP: 116/116 MP: 13/13
 15364 | Lair:1   | Reached skill level 16 in Fighting
 15988 | Lair:2   | Found a hole to the Spider Nest.
 16675 | Lair:2   | Identified the +3 leather armour of the Moon Troll {rElec}
 16855 | Lair:3   | Found a staircase to the Shoals.
 17054 | Lair:3   | Reached skill level 17 in Fighting
 18281 | Lair:4   | Reached skill level 18 in Fighting
 18403 | Lair:4   | Reached XP level 14. HP: 93/131 MP: 14/14
 18605 | Lair:4   | Bought 2 scrolls of fear for 112 gold pieces
 18605 | Lair:4   | Bought a scroll of teleportation for 42 gold pieces
 18605 | Lair:4   | Bought a scroll of teleportation for 42 gold pieces
 18960 | Lair:4   | Bought a scroll of teleportation for 42 gold pieces
 18994 | Lair:5   | Entered Level 5 of the Lair of Beasts
 19145 | Lair:5   | Reached skill level 19 in Fighting
 20278 | Lair:5   | Reached skill level 20 in Fighting
 21305 | Lair:5   | Paralysed by a hornet for 2 turns
 21745 | Lair:5   | Reached skill level 21 in Fighting
 22325 | Lair:5   | Found a viscous altar of Jiyva.
 22325 | Lair:5   | Found a staircase to the Slime Pits.
 22579 | D:12     | Found a broken altar of Ashenzari.
 22742 | D:12     | Found a runed translucent gate.
 22743 | D:12     | Found a runed translucent gate.
 22744 | D:12     | Found a runed translucent gate.
 22745 | D:12     | Noticed wqsa789's ghost (journeyman DEFE)
 22794 | D:12     | Killed wqsa789's ghost
 22795 | D:12     | Reached XP level 15. HP: 133/145 MP: 15/15
 23091 | D:12     | Noticed Nessos
 23104 | D:12     | Nessos changed into Nessos the snapping turtle
 23104 | D:12     | Noticed Nessos
 23113 | D:12     | Killed Nessos the snapping turtle
 23375 | D:12     | Reached skill level 22 in Fighting
 23763 | D:13     | Bought a pair of dazzling gloves for 389 gold pieces
 23763 | D:13     | Identified the +0 pair of gloves of the Maze {Rampage} (You
                  | bought it in a shop on level 13 of the Dungeon)
 23764 | D:13     | Bought a polished chain mail for 389 gold pieces
 23764 | D:13     | Identified the +0 chain mail of Lyqumin {Str+2 Stlth+} (You
                  | bought it in a shop on level 13 of the Dungeon)
 23807 | D:13     | Identified the +1 ring mail "Bytrye" {Int+4 Slay+3}
 24100 | D:13     | Noticed Frances
 24112 | D:13     | Killed Frances
 24936 | D:13     | Noticed Azrael
 24960 | D:13     | Killed Azrael
 25515 | D:13     | Found a gate to the Vaults.
 25793 | D:14     | Reached skill level 23 in Fighting
 25803 | D:14     | Found a gate leading to a gauntlet.
 25874 | Gauntlet | Entered a Gauntlet
 25874 | Gauntlet | Found a transporter.
 25874 | Gauntlet | Found a transporter.
 25874 | Gauntlet | Found a runed translucent door.
 25874 | Gauntlet | Found a runed translucent door.
 26090 | Gauntlet | Found a transporter.
 26094 | Gauntlet | Found a transporter.
 26098 | Gauntlet | Found a transporter.
 26102 | Gauntlet | Found a transporter.
 26110 | Gauntlet | Found a transporter.
 26132 | Gauntlet | Found a transporter.
 26149 | Gauntlet | Found a transporter.
 26153 | Gauntlet | Found a transporter.
 26161 | Gauntlet | Found a transporter.
 26165 | Gauntlet | Found a transporter.
 26402 | Gauntlet | Identified the ring "Mahunn" {rElec rC+}
 26449 | Gauntlet | Identified the staff of the Three Nightmares {Fly rPois rF+
                  | rC+ Conj}
 26521 | Gauntlet | Identified the +6 great sword of Tiruifaxzu {flame, rN+
                  | Str+3}
 26982 | D:15     | Entered Level 15 of the Dungeon
 26996 | D:15     | Found Uskiriuk's Magic Scroll Boutique.
 27005 | D:15     | Bought a scroll of blinking for 142 gold pieces
 27005 | D:15     | Bought a scroll of acquirement for 988 gold pieces
 27005 | D:15     | Acquired the +5 demon trident "Visoxaufeg" {vamp, Dex+3}
 27198 | D:15     | Found a staircase to the Depths.
 27404 | D:15     | Noticed Jorgrun
 27405 | D:15     | Found a transporter.
 27422 | D:15     | Killed Jorgrun
 27447 | D:15     | Noticed Speno2's ghost (adept FoHu)
 27539 | D:15     | Found a transporter.
 27550 | D:15     | Killed Speno2's ghost
 27559 | D:15     | Reached skill level 24 in Fighting
 27571 | D:15     | Reached XP level 16. HP: 159/159 MP: 16/16
 27590 | D:15     | Identified the ring "Dedin" {rC+ Will+ Dex-3 SInv}
 27594 | D:15     | Identified the +0 ring mail of Zibyroz {Rampage Fly Dex-3
                  | SInv}
 28406 | Elf:1    | Entered Level 1 of the Elven Halls
 28567 | Elf:1    | Found a runed translucent gate.
 28567 | Elf:1    | Found a runed translucent gate.
 28568 | Elf:1    | Found a runed translucent gate.
 28593 | Elf:1    | Paralysed by an air elemental for 1 turns
 28908 | Elf:1    | Reached skill level 25 in Fighting
 29459 | Elf:1    | Acquired 829 gold pieces
 29532 | Elf:1    | Paralysed by an air elemental for 1 turns
 29828 | Elf:2    | Found a runed translucent gate.
 29905 | Elf:2    | Found Zuitsiun's Weapon Boutique.
 29963 | Elf:2    | Noticed a Tzitzimitl
 30194 | Elf:2    | Noticed a Brimstone Fiend
 30199 | Elf:2    | Reached skill level 26 in Fighting
 30199 | Elf:2    | Found Eghay's Weapon Shop.
 30549 | Elf:2    | Found a runed translucent gate.
 30550 | Elf:2    | Found a runed translucent gate.
 30575 | Elf:3    | Entered Level 3 of the Elven Halls
 30768 | Elf:3    | Found Kujitam's Antique Weapon Shop.
 30770 | Elf:3    | Found Otiph's Book Boutique.
 30772 | Elf:3    | Found Xidy's Antique Armour Shop.
 31322 | Elf:3    | Noticed Louise
 31482 | Elf:3    | Reached XP level 17. HP: 173/173 MP: 17/17
 31515 | Elf:3    | Killed Louise
 31793 | Elf:3    | Identified the amulet "Yngaihal" {Faith rF+ rC+ Str+4 SInv}
 31845 | Elf:3    | Identified the ring of Zaoschey {Fire Str-3 Dex+5}
 31871 | Elf:3    | Reached skill level 27 in Fighting
 31910 | Elf:3    | Noticed a deep elf blademaster
 31934 | Elf:3    | Killed a deep elf blademaster
 31973 | Elf:3    | Identified the +9 whip "Cuschobuc" {elec, Str+3 Stlth+}
 31989 | Elf:3    | Identified the amulet of Nyefyne {Regen+ Dex+3}
 32005 | Elf:3    | Noticed a Brimstone Fiend
 32129 | Elf:3    | Noticed Bai Suzhen
 32170 | Elf:3    | Killed Bai Suzhen
 32171 | Elf:3    | Noticed a deep elf master archer
 32547 | Elf:3    | Found Camn's Jewellery Shoppe.
 32599 | Elf:3    | Noticed a deep elf master archer
 33009 | Elf:3    | Reached skill level 1 in Shapeshifting
 33019 | Elf:3    | Killed a deep elf master archer
 33147 | Elf:3    | Noticed an Executioner
 33227 | Elf:3    | Identified the +3 rapier "Hydra's Funeral" {heavy, *Corrode
                  | rPois Int-3 Stlth+}
 33243 | Elf:3    | Reached skill level 5 in Shapeshifting
 33349 | Elf:3    | Killed a deep elf master archer
 33978 | Elf:3    | Bought a storm talisman for 1280 gold pieces
 34264 | Shoals:1 | Entered Level 1 of the Shoals
 34264 | Shoals:1 | Found a frozen archway.
 35948 | Shoals:1 | Reached XP level 18. HP: 176/182 MP: 18/18
 36396 | Shoals:2 | Reached skill level 10 in Shapeshifting
 36706 | Shoals:2 | Identified the +0 scale mail of Biassiph {Str+5 Stlth+}
 36889 | Shoals:2 | Found Dakhlerghea's Antique Armour Shoppe.
 37950 | Shoals:3 | Found Pituuhio's General Store.
 38124 | Shoals:4 | Entered Level 4 of the Shoals
 38888 | Shoals:4 | Got a barnacled rune of Zot
 38950 | Shoals:4 | Reached skill level 15 in Shapeshifting
 39651 | Spider:1 | Entered Level 1 of the Spider Nest
 40137 | Spider:1 | Reached XP level 19. HP: 155/189 MP: 19/19
 41125 | Spider:2 | Bought the ring of Impatience {Fire rElec rN+++ Will+
                  | Int-3} for 830 gold pieces
 42742 | Spider:3 | Noticed Arachne
 42757 | Spider:3 | Killed Arachne
 43055 | Spider:4 | Entered Level 4 of the Spider Nest
 43666 | Spider:3 | HP: 2/189 [demonic crawler (10)]
 44128 | Spider:4 | Noticed Mara
 44153 | Spider:4 | Noticed Kearsarge's illusion
 44174 | Spider:4 | Killed Mara
 44505 | Spider:4 | Reached skill level 1 in Unarmed Combat
 44505 | Spider:4 | Reached XP level 20. HP: 114/197 MP: 0/20
 44902 | Spider:4 | Got a gossamer rune of Zot
 45380 | Vaults:1 | Entered Level 1 of the Vaults
 45937 | Vaults:1 | Reached skill level 5 in Unarmed Combat
 46325 | Vaults:1 | Found a transporter.
 46367 | Vaults:1 | Found a transporter.
 46937 | Vaults:1 | Identified the +2 trident of Wauppok {protect, MP+9 Str-2
                  | Dex+7 Stlth-}
 46939 | Vaults:1 | Identified the +11 chain mail of Pleasant Breezes {Dex+8}
 46944 | Vaults:1 | Identified the amulet of Zuero {Acrobat Regen+}
 46952 | Vaults:1 | Identified the +10 broad axe of Infection {freeze, Str+2
                  | Int-5 Stlth+}
 46959 | Vaults:1 | Identified the amulet "Wean Unku" {Reflect +Blink Str+3
                  | SH+5}
 46969 | Vaults:1 | Identified the ring of Qajiolin {rElec MP+9 Int+4}
 47714 | Vaults:1 | Found a portal to a secret trove of treasure.
 47790 | Vaults:1 | Found Tarriabb's Magic Scroll Shop.
 47799 | Vaults:1 | Bought a scroll of teleportation for 51 gold pieces
 48524 | Vaults:2 | Found Tuquh's Distillery.
 48536 | Vaults:2 | Bought a potion of curing for 33 gold pieces
 48536 | Vaults:2 | Bought a potion of curing for 33 gold pieces
 48536 | Vaults:2 | Bought a potion of curing for 33 gold pieces
 48536 | Vaults:2 | Bought a potion of invisibility for 88 gold pieces
 48757 | Vaults:2 | Found Isaer's General Store.
 48784 | Vaults:2 | Reached skill level 10 in Unarmed Combat
 48944 | Vaults:2 | Found a magical portal.
 48958 | WizLab   | Entered Tukima's Studio
 49168 | Vaults:2 | Reached XP level 21. HP: 177/204 MP: 21/21
 49305 | Vaults:2 | Found Jychomn's Antique Weapon Shoppe.
 49321 | Vaults:2 | Found Xusmax's Assorted Antiques.
 49346 | Vaults:2 | Found Zeuwkiat's Weapon Boutique.
 49486 | Vaults:2 | Identified the +7 arbalest "Reacviaf" {freeze, rN+ Will-
                  | Dex+3}
 49487 | Vaults:2 | Upgraded the game from 0.31-a0-1173-g2d6e455 to
                  | 0.31-a0-1178-gc5c9b8f
 50072 | Vaults:3 | Found a staircase to the Crypt.
 50779 | Vaults:3 | Found Qeboraj's Magic Scroll Shoppe.
 50780 | Vaults:3 | You are sucked into a shaft and drop 1 floor!
 51280 | Vaults:3 | Bought a scroll of teleportation for 42 gold pieces
 52343 | Vaults:4 | Reached XP level 22. HP: 207/212 MP: 22/22
 52539 | Vaults:4 | Reached skill level 15 in Unarmed Combat
 53235 | Vaults:4 | Reached skill level 15 in Dodging
 53546 | Vaults:5 | Entered Level 5 of the Vaults
 53880 | Vaults:5 | Identified the +4 scale mail "Untu" {Rampage}
 53969 | Vaults:5 | Identified the amulet of Vixt {Spirit Harm Regen+ Int-3
                  | Dex+3}
 54103 | Vaults:5 | Noticed a golden dragon
 54109 | Vaults:5 | Killed a golden dragon
 54172 | Vaults:5 | Identified the +0 rapier of Ifuemnol {antimagic, rF- Will+
                  | Dex+2 SInv}
 54299 | Vaults:5 | Got a silver rune of Zot
 54481 | Vaults:5 | Gained mutation: Armour fits poorly on your strangely
                  | shaped body. [a shining eye]
 54489 | Vaults:5 | Identified the +1 ring mail of Philately {rPois}
 54539 | Vaults:5 | Identified the +10 war axe "Coanial" {heavy, rF+ rN+ Will-
                  | Int+3}
 54864 | Vaults:5 | Identified the +3 flail of Hepaak {drain, rF+}
 54865 | Vaults:5 | Identified the +4 broad axe of Nos Nio {chaos, ^Fragile
                  | rPois rC++ Dex+2}
 54932 | Vaults:5 | Identified the +4 war axe of Hatred {freeze, Str+2}
 55232 | Depths:1 | Entered Level 1 of the Depths
 55232 | Depths:1 | Noticed a golden dragon
 55267 | Depths:1 | Noticed a juggernaut
 55277 | Depths:1 | Killed a golden dragon
 55425 | Depths:1 | Killed a juggernaut
 55486 | Depths:1 | Found a one-way gateway to a ziggurat.
 55795 | Zig:1    | Entered Level 1 of a ziggurat
 55796 | Zig:1    | Noticed Juminet the pandemonium lord
 55805 | Zig:1    | Killed Juminet the pandemonium lord
 55907 | Zig:2    | Entered Level 2 of a ziggurat
 55977 | Zig:3    | Entered Level 3 of a ziggurat
 56011 | Zig:4    | Entered Level 4 of a ziggurat
 56023 | Zig:4    | Reached XP level 23. HP: 196/219 MP: 23/23
 56098 | Zig:5    | Entered Level 5 of a ziggurat
 56153 | Zig:5    | Identified the +6 chain mail of the Chupacabra {-Tele rF++
                  | rCorr}
 56157 | Zig:5    | Identified the ring of Ignis's Supremacy {rPois Will+}
 56182 | Zig:6    | Entered Level 6 of a ziggurat
 56189 | Zig:6    | Noticed Julick the pandemonium lord
 56194 | Zig:6    | Killed from afar by a hellion

Illustrated notes

Levels and vault maps discovered:
D:1:      dreamdust_arrival_sigmund_warning, layout_loops_ring, kennysheep_boxes
D:2:      layout_basic, serial_shops, nicolae_shop_gaudy_bauble,
          nicolae_shop_overgrown_old_shop, nicolae_shop_tiny_waterfront,
          nicolae_shop_rolling_square, shop, uniq_natasha
D:3:      minmay_wonky_spiral, layout_rooms, grunt_decor_one_mirror,
          uniq_terence
D:4:      layout_basic
D:5:      layout_loops_ring, nicolae_qazlal_style_of_elements,
          cheibrodos_sewer_entry_sluice, st_stairs_6, minmay_misc_feat_alley,
          sword_in_stone
D:6:      layout_loops_ring, serial_shops, nicolae_shop_behind_doors,
          gammafunk_ghost_nasty_kobolds
D:7:      layout_cave_pools, minmay_temple_entry_stoned_glass,
          grunt_ministairs_6
D:8:      layout_basic
D:9:      layout_loops_cross, kennysheep_orc_monster_closet_entryway,
          supply_closet_lemuel, nicolae_stop_n_shop_2, abandoned_shop,
          minmay_splitting_lines, minivault_22
D:10:     layout_roguey, serial_shops, nicolae_shop_tiny_waterfront,
          gammafunk_ghost_hive, uniq_snorg
D:11:     layout_gridville, dpeg_oklobed_lair
D:12:     layout_loops_ring, gammafunk_ghost_necromancy,
          chequers_serial_rivers_large_a, ashenzari_altar_1, uniq_nessos
D:13:     layout_stronghold, hellmonk_vaults_keyhole, uniq_azrael, uniq_frances
D:14:     layout_stronghold, gauntlet_entry_generic, hive_lemuel
D:15:     gammafunk_enter_depths_forms, layout_basic,
          gammafunk_ghost_berserking_beasts, serial_shops, shop,
          dk_noncrumbling_2, uniq_jorgrun
Temple:   mainiacjoe_temple_starburst
Lair:1:   layout_roguey, bh_autumn_forest_stairs, nzn_sisyphean_effort,
          grunt_megastairs_5
Lair:2:   layout_long_grid, nicolae_spider_entry_lesser_pyramids,
          hibernation_bobbens, lemuel_fruit_fields
Lair:3:   layout_long_grid, minmay_shoals_entry_lonely_mermaid
Lair:4:   layout_layer_cave
Lair:5:   hangedman_lair_caniforms_friends, layout_cave_pods,
          hangedman_lair_tendril_chambers, slime_entry_1, serial_bayou_pond_a,
          infiniplex_staircase_pool
Shoals:1: layout_shoals, portal_ice_cave_entry_ice_simulacra
Shoals:2: layout_shoals, serial_shops, nicolae_lakefront_shop
Shoals:3: layout_shoals, serial_shops, shop
Shoals:4: shoals_end_hangedman, layout_shoals
Spider:1: layout_cave_pods
Spider:2: nicolae_spider_hilbert_zone_5 [nicolae_spider_hilbert_3_sides_1_open,
          nicolae_spider_hilbert_4_sides_1_open,
          nicolae_spider_hilbert_4_sides_1_open,
          nicolae_spider_hilbert_6_sides_1_open,
          nicolae_spider_hilbert_6_sides_1_open], guppyfry_spider_mini_2
Spider:3: layout_spider_delve, uniq_arachne
Spider:4: hellmonk_spider_rune_endless_swarm, uniq_mara
Orc:1:    layout_diamond_mine, nicolae_orc_flooded_monolith
Orc:2:    st_orc_mages, layout_caves, serial_shops, nicolae_shop_behind_doors,
          ebering_ghost_gozag, basic_altar
Elf:1:    layout_gridlike, minmay_elf_sorcery,
          nicolae_gammafunk_elf_defective_weapons_storage
Elf:2:    nicolae_elf_blades_splatter_lattice
          [nicolae_blade_entry_floor_patterns], layout_gridlike,
          minmay_shoptagon, roderic_lattice_octagonal_star
Elf:3:    minmay_elf_hall_golems, layout_geoelf_castle, serial_shops, shop,
          minmay_shop_star, uniq_louise, uniq_bai_suzhen
Vaults:1: hangedman_vaults_maws, nicolae_vaults_closet_pinwheel_3, v_rooms_5,
          gammafunk_dig_for_victory, vaults_room_grunt_arrival_ludios,
          nicolae_vaults_door_testing_chamber, nicolae_vaults_angled_halls,
          ontoclasm_vaults_idyll, layout_vaults_omnibox, serial_shops, shop,
          enter_trove_1
Vaults:2: mu_enter_wizlab_1, vaults_room_fours, nicolae_vaults_shelves_hall,
          nicolae_vaults_bisected_inception, st_spiral_rooms, v_pattern_1,
          nicolae_vaults_trapezoid_lopsided_3, v_rooms_5,
          nicolae_vaults_angled_halls, nicolae_vaults_offset_grid_hallway_1,
          nicolae_vaults_apartment_1, nicolae_vaults_yaktaur_gun_rack,
          nicolae_vaults_six-pack, hangedman_vaults_restitches,
          nicolae_vaults_diagonal_hallway_7, ontoclasm_vaults_gateway,
          ontoclasm_vaults_twist, layout_vaults_maze, serial_shops, shop,
          nicolae_shop_mannequins, nicolae_shop_statue_plus,
          nicolae_shop_statue_plus, shop
Vaults:3: nicolae_vaults_double_plus_2, nicolae_vaults_closet_pinwheel_2,
          nicolae_vaults_closet_pinwheel_3, vaults_room_corners,
          minmay_crypt_entry_simple_statues, nicolae_vaults_network_barrier,
          nicolae_vaults_ring_of_whatevers, layout_vaults_omnigrid,
          serial_shops, nicolae_shop_peninsula
Vaults:4: nicolae_vaults_tangram_2, v_misc_23, nicolae_vaults_storage_closets_1,
          nicolae_vaults_branching_niches, vaults_dpeg_ring, v_misc_11,
          hangedman_vaults_slither, vaults_room_ringed_pool, v_misc_27,
          v_rooms_2, nicolae_vaults_rhombus_6, hangedman_vaults_cutoff,
          nicolae_vaults_apartment_2, nicolae_vaults_gold_heap,
          vaults_dpeg_encased_lava, nicolae_vaults_double_plus_1,
          layout_vaults_big_cross
Vaults:5
Depths:1: layout_honeycomb, enter_ziggurat_e, nicolae_benzene_ring,
          grunt_metal_band, serial_sigils_hangedman_scratch,
          kennysheep_another_room, evilmike_ambush
          [evilmike_ambush_outer_corners, evilmike_ambush_inner_pond]
Zig:6

Skill      XL: |  1  2  3  4  5  6  7  8  9 10 11 12 13 14 15 16 17 18 19 20 21 22 |
---------------+-------------------------------------------------------------------+-----
Polearms       | 3 4 12 13 14 15 16 17 19 | 19.2
Fighting       | 4 8 9 10 11 12 15 18 21 24 26 27 | 27.0
Dodging        | 7 10 12 14 17 | 17.0
Shapeshifting  | 9 16 21 22 23 | 23.5
Unarmed Combat | 1 10 14 18 | 18.1
Armour         | |  2.1
Shields        | |  3.0

Action                     |  1- 3 |  4- 6 |  7- 9 | 10-12 | 13-15 | 16-18 | 19-21 | 22-24 || total
---------------------------+-------+-------+-------+-------+-------+-------+-------+-------++-------
  Melee: Trident           |    67 |   119 |   448 |   891 |  1704 |       |       |       ||  3229
         Unarmed           |       |     1 |       |       |       |       |   520 |   232 ||   753
         Tailslap          |       |       |       |     4 |       |    52 |     2 |       ||    58
         Demon trident     |       |       |       |       |   146 |  1805 |   903 |       ||  2854
         Punch             |       |       |       |       |       |       |    37 |    21 ||    58
  Throw: Javelin           |       |       |       |     1 |       |       |       |       ||     1
         Dart              |       |       |       |       |     2 |       |       |       ||     2
 Invoke: Call Merchant     |       |       |       |     2 |     2 |       |     1 |       ||     5
         Potion Petition   |       |       |       |       |       |     6 |     2 |     6 ||    14
         Bribe Branch      |       |       |       |       |       |       |       |     1 ||     1
Ability: Blinkbolt         |       |       |       |       |       |       |    61 |    25 ||    86
  Evoke: Wand              |       |       |    13 |    11 |     6 |     5 |    10 |     6 ||    51
         Lightning rod     |       |       |       |       |       |       |     7 |       ||     7
         Condenser vane    |       |       |       |       |       |       |     1 |       ||     1
    Use: Scroll            |     2 |     6 |     5 |    12 |    15 |    17 |     6 |     5 ||    68
         Potion            |     1 |     4 |     4 |     4 |    15 |     4 |     8 |     9 ||    49
   Stab: Invisible         |       |     1 |       |       |    10 |     5 |     2 |       ||    18
         Distracted        |       |       |     1 |     7 |    16 |     4 |     8 |     2 ||    38
         Paralysed         |       |       |       |     7 |       |       |       |       ||     7
         Petrified         |       |       |       |       |     4 |       |       |       ||     4
         Sleeping          |       |       |       |       |     5 |     2 |       |     1 ||     8
 Armour: Scale mail        |    28 |    43 |   161 |    98 |       |       |       |       ||   330
         Skin              |       |     6 |       |       |    17 |       |   231 |    92 ||   346
         Ring mail         |       |       |       |    56 |       |       |       |       ||    56
         Chain mail        |       |       |       |   120 |   104 |   302 |       |       ||   526
         Leather armour    |       |       |       |       |   506 |   176 |       |       ||   682
         Gold dragon scale |       |       |       |       |       |   740 |   932 |       ||  1672
  Dodge: Dodged            |    16 |    32 |    68 |   145 |   580 |   500 |   933 |   258 ||  2532
         Repelled          |       |       |       |       |       |       |     1 |       ||     1
  Block: Buckler           |    13 |    15 |   113 |   295 |   782 |   564 |   323 |       ||  2105
         Reflection        |       |       |     2 |    17 |    39 |    14 |       |       ||    72
   Form: Storm             |       |       |       |       |       |       |     3 |       ||     3
                           |       |       |       |       |       |       |     2 |       ||     2

Table legend: (Time is in decaauts)
 A = Elapsed time spent in this place.
 B = Non-inter-level travel time spent in this place.
 C = Inter-level travel time spent in this place.
 D = Time resting spent in this place.
 E = Time spent auto-exploring this place.
 F = Levels seen in this place.
 G = Mean time per level.
                   A        B        C        D        E       F      G
               +--------+--------+--------+--------+--------+-----+--------+
         Total |  53222 |  48492 |   4730 |   5829 |  33352 |  49 | 1086.2 |
       Dungeon |  16470 |  14346 |   2124 |    685 |  11156 |  15 | 1098.0 |
        Temple |    110 |      1 |    109 |      0 |      0 |   1 |  110.0 |
          Lair |   9140 |   8564 |    576 |   1911 |   5242 |   5 | 1828.0 |
        Shoals |   3331 |   3005 |    326 |    420 |   1625 |   4 |  832.8 |
   Spider Nest |   5138 |   4850 |    288 |    327 |   3216 |   4 | 1284.5 |
  Orcish Mines |   2479 |   2349 |    130 |    373 |   1356 |   2 | 1239.5 |
   Elven Halls |   5342 |   4771 |    571 |   1452 |   2381 |   3 | 1780.7 |
        Vaults |   9539 |   8963 |    576 |    298 |   7558 |   5 | 1907.8 |
        Depths |    525 |    498 |     27 |    276 |     98 |   1 |  525.0 |
      Ziggurat |    382 |    382 |      0 |      0 |    290 |   6 |   63.7 |
         Sewer |    118 |    118 |      0 |      0 |     86 |   1 |  118.0 |
        Wizlab |     54 |     54 |      0 |      1 |     16 |   1 |   54.0 |
      Gauntlet |    590 |    590 |      0 |     82 |    325 |   1 |  590.0 |
               +--------+--------+--------+--------+--------+-----+--------+

Top non-repeatable levels by time:
  Lair:5: 3173 daAuts
   Elf:3: 2971 daAuts
Vaults:1: 2814 daAuts
Vaults:4: 1946 daAuts
  Lair:3: 1929 daAuts
    D:13: 1892 daAuts
Spider:4: 1837 daAuts
Vaults:2: 1667 daAuts
Vaults:3: 1664 daAuts
  Lair:2: 1623 daAuts
     D:9: 1546 daAuts
  Lair:4: 1486 daAuts
Vaults:5: 1445 daAuts
   Orc:2: 1440 daAuts
   Elf:1: 1314 daAuts
